 Dungeon Crawl Stone Soup version 0.20-a0-855-gd83b866 (webtiles) character file.

1085 rogsnak the Conjurer (level 8, -3/43 HPs)
             Began as a Tengu Air Elementalist on Mar 11, 2017.
             Slain by Prince Ribbit (9 damage)
             ... on level 5 of the Dungeon.
             The game lasted 00:20:52 (6639 turns).

rogsnak the Conjurer (Tengu Air Elementalist)       Turns: 6639, Time: 00:20:53

Health: -3/43      AC:  4    Str:  9    XL:     8   Next: 30%
Magic:  6/15       EV: 13    Int: 17    God:
Gold:   223        SH:  0    Dex: 15    Spells: 5/15 levels left

rFire    . . .     SeeInvis .   w - +4 quarterstaff (chaos)
rCold    + . .     Gourm    .   a - +0 robe
rNeg     . . .     Faith    .   (shield currently unavailable)
rPois    .         Spirit   .   (helmet restricted)
rElec    .         Reflect  .   E - +1 cloak {MR+}
rCorr    .         Harm     .   (no gloves)
MR       +....                  (boots unavailable)
Stlth    +.........             (no amulet)
Regen    0.2/turn               A - ring of protection from cold
MPRegen  0.2/turn               i - ring of loudness (curse)

@: very slightly contaminated
A: beak, talons 3, able to fly 1
a: Fly


You were on level 5 of the Dungeon.
You were not hungry.

You visited 1 branch of the dungeon, and saw 5 of its levels.

You collected 223 gold pieces.

Inventory:

Hand Weapons
 d - a +2 short sword of electrocution
 m - a +2 whip of venom
 s - a cursed -3 rapier
 w - a +4 quarterstaff of chaos (weapon)
 x - a +2 mace of holy wrath
 F - the +3 mace of Light {holy, Str+7}
   (You found it on level 4 of the Dungeon)

   It has been blessed by the Shining One to cause great damage to the undead
   and demons.
   It affects your strength (+7).
Missiles
 k - 148 stones (quivered)
 y - 3 tomahawks
 B - 30 bolts
 J - 15 sling bullets
Armour
 a - a +0 robe (worn)
 f - +0 swamp dragon scales
 E - a +1 cloak of magic resistance (worn)
Jewellery
 e - an uncursed ring of ice
 i - a cursed ring of loudness (left hand)
 A - a ring of protection from cold (right hand)
Wands
 t - a wand of iceblast (10/15)
Scrolls
 h - 2 scrolls of recharging {unknown}
 j - 2 scrolls of fog {unknown}
 n - a scroll of immolation {unknown}
 o - 2 scrolls of enchant armour {unknown}
 q - 2 scrolls of fear {unknown}
 r - a scroll of remove curse {unknown}
 v - 4 scrolls of identify {unknown}
 z - 3 scrolls of teleportation {unknown}
 H - 3 scrolls of noise {unknown}
 K - a scroll of enchant weapon {unknown}
Potions
 g - a potion of degeneration {unknown}
 l - 3 potions of curing {unknown}
 p - a potion of lignification {unknown}
 u - 3 potions of resistance
 C - a potion of haste {unknown}
 D - a potion of agility {unknown}
 G - a potion of brilliance {unknown}
 I - a potion of flight {unknown}
Books
 b - a book of Air

   Spells                             Type                      Level
   a - Shock                          Conjuration/Air              1
   b - Swiftness                      Charms/Air                   2
   c - Static Discharge               Conjuration/Air              3
   d - Airstrike                      Air                          4
   e - Lightning Bolt                 Conjuration/Air              5
Comestibles
 c - 2 bread rations
 L - 6 chunks of flesh


   Skills:
 + Level 1.6 Fighting
 + Level 1.4 Short Blades
 + Level 3.1 Dodging
 + Level 2.6 Stealth
 + Level 4.2 Spellcasting
 * Level 7.7 Conjurations
 + Level 7.5 Air Magic


You had 5 spell levels left.
You knew the following spells:

 Your Spells              Type           Power        Failure   Level  Hunger
a - Shock                 Conj/Air       ####         1%          1    None
b - Airstrike             Air            ####......   10%         4    ####...
c - Lightning Bolt        Conj/Air       ####......   21%         5    ######.


Dungeon Overview and Level Annotations

Branches:
Dungeon (5/15)
 Temple: D:4-7

Altars:
Kikubaaqudgha
Qazlal
Uskayaw

Shops:
D:4 [

Annotations:
D:5 Grinder, Prince Ribbit


Innate Abilities, Weirdness & Mutations

You have a beak for a mouth.
You have claws for feet.
You can fly.


Message History

Casting: Shock
Confirm with . or Enter, or press ? or * to list all spells.
Aiming: Airstrike
Press: ? - help, Dir - move target cursor
Okay, then.
Casting: Airstrike
Confirm with . or Enter, or press ? or * to list all spells.
Aiming: Lightning Bolt
Press: ? - help, Shift-Dir - straight line
Okay, then.
Casting: Lightning Bolt
Confirm with . or Enter, or press ? or * to list all spells.
Aiming: Shock
Press: ? - help, Shift-Dir - straight line The zap hits Prince Ribbit.
Prince Ribbit is almost dead.
Prince Ribbit hits you!
* * * LOW HITPOINT WARNING * * *
Prince Ribbit hits you!
You die...

..............##
##....#
...............#
#..###
...............#
##.##
.#.............##
#.##
.##.............#
#..# .
...........###..##
. ...........##.#
..........F..#
.......#.@.##
#.....###..#
###### #..# #.##
#.# .## . .


You could see Prince Ribbit.

Vanquished Creatures
  Sigmund (D:3)
  Menkaure (D:5)
  An ogre (D:4)
  A centaur (D:5)
  2 scorpions (D:4)
  3 orc priests
  A hound (D:4)
  3 orc wizards
  Crazy Yiuf (D:4)
  3 worker ants (D:4)
  Robin (D:3)
  12 adders
  A shadow imp (D:5)
  An ooze (D:4)
  2 worms (D:2)
  3 dart slugs
  13 orcs
  4 giant cockroaches
  17 goblins
  7 hobgoblins
  5 jackals
  11 kobolds
  2 quokkas
  A ball python (D:2)
  7 bats
  A jackal skeleton (D:4)
  11 rats
  A fungus (D:4)
117 creatures vanquished.

Notes
Turn   | Place    | Note
-------+----------+-------------------------------------------
     0 | D:1      | rogsnak the Tengu Air Elementalist began the quest for the Orb.
     0 | D:1      | Reached XP level 1. HP: 10/10 MP: 4/4
   367 | D:1      | Reached XP level 2. HP: 14/15 MP: 1/6
  1233 | D:1      | Reached XP level 3. HP: 19/19 MP: 4/7
  1577 | D:2      | Found a stormy altar of Qazlal.
  1926 | D:2      | Reached skill level 5 in Air Magic
  1944 | D:2      | Reached XP level 4. HP: 15/24 MP: 0/8
  2381 | D:2      | Reached skill level 1 in Short Blades
  3023 | D:3      | Found a hide-covered altar of Uskayaw.
  3026 | D:3      | Noticed Sigmund
  3110 | D:4      | Learned a level 4 spell: Airstrike
  3200 | D:3      | Killed Sigmund
  3200 | D:3      | Gained mutation: You can fly. [Tengu growth]
  3200 | D:3      | Reached XP level 5. HP: 17/28 MP: 2/10
  3200 | D:3      | Reached XP level 6. HP: 20/33 MP: 2/11
  3596 | D:3      | Noticed Robin
  3617 | D:3      | Killed Robin
  3681 | D:3      | Reached skill level 1 in Fighting
  3895 | D:3      | Reached skill level 5 in Conjurations
  4028 | D:3      | Learned a level 5 spell: Lightning Bolt
  4554 | D:4      | Found Gilugg's Antique Armour Shoppe.
  4561 | D:4      | Reached XP level 7. HP: 31/38 MP: 6/13
  4933 | D:4      | Found a runed door.
  4937 | D:4      | Noticed Crazy Yiuf
  4947 | D:4      | Killed Crazy Yiuf
  4965 | D:4      | Got a steaming mace
  4968 | D:4      | Identified the +3 mace of Light {holy, Str+7} (You found it on level 4 of the Dungeon)
  5914 | D:5      | Entered Level 5 of the Dungeon
  6035 | D:5      | Found an ancient bone altar of Kikubaaqudgha.
  6045 | D:5      | Reached XP level 8. HP: 16/43 MP: 8/15
  6273 | D:5      | Noticed Menkaure
  6295 | D:5      | Killed Menkaure
  6356 | D:5      | Noticed Grinder
  6628 | D:5      | Noticed Prince Ribbit
  6639 | D:5      | Slain by Prince Ribbit

Vault maps used:
D:1:      saegor_arrival_simple_a
D:2:      old_standard_altar
D:3:      eat_drink_and_be_merry_uskayaw, serial_forest,
          infiniplex_forest_lined_room_2, infiniplex_forest_clump_medium,
          infiniplex_forest_clump_curved, infiniplex_forest_clump_small,
          infiniplex_forest_lined_3, uniq_robin, uniq_sigmund
D:4:      serial_shops, shop, uniq_crazy_yiuf_cottage
D:5:      old_standard_altar, first_bread, uniq_grinder, uniq_menkaure,
          uniq_prince_ribbit1

Skill      XL: |  1  2  3  4  5  6  7  8 |
---------------+-------------------------+-----
Conjurations   | 2 4 5 6 7 |  7.7
Air Magic      | 5 6 7 |  7.5
Short Blades   | 1 |  1.4
Spellcasting   | 3 4 |  4.2
Fighting       | 1 |  1.6
Dodging        | 3 |  3.1
Stealth        | |  2.6

Action                   |  1- 3 |  4- 6 |  7- 9 || total
-------------------------+-------+-------+-------++-------
Melee: Short sword       |    12 |     7 |     6 ||    25
       Peck              |     2 |       |     3 ||     5
       Kick              |       |     1 |     4 ||     5
       Quarterstaff      |       |       |     2 ||     2
 Cast: Shock             |    89 |   112 |    99 ||   300
       Lightning Bolt    |       |       |     3 ||     3
 Abil: Fly               |       |       |     1 ||     1
  Eat: Chunk             |     4 |     9 |     3 ||    16
       Royal jelly       |       |       |     1 ||     1
       Bread ration      |       |       |     1 ||     1
Armor: Robe              |     4 |     3 |     4 ||    11
Dodge: Dodged            |    21 |    13 |    14 ||    48
